 Dungeon Crawl Stone Soup version 0.18.1-48-g4cf74bf (webtiles) character file.

14 Mesmaeker13 the Caller (level 2, -1/20 HPs)
             Began as a Merfolk Summoner on July 5, 2016.
             Slain by a gnoll (8 damage)
             ... on level 1 of the Dungeon.
             The game lasted 00:02:30 (808 turns).

Mesmaeker13 the Caller (Merfolk Summoner)            Turns: 808, Time: 00:02:31

Health: -1/20      AC:  2    Str:  8    XL:     2   Next: 45%
Magic:  3/5        EV: 13    Int: 14    God:
Gold:   8          SH:  0    Dex: 14    Spells: 1 memorised, 4 levels left

rFire  . . .     SeeInvis .     e - +0 short sword
rCold  . . .     Gourm    .     a - +0 robe
rNeg   . . .     Faith    .     (no shield)
rPois  .         Spirit   .     (no helmet)
rElec  .         Dismiss  .     (no cloak)
rCorr  .         Reflect  .     (no gloves)
SustAt .         Harm     .     (no boots)
MR     .....                    (no amulet)
Stlth  ++........               (no ring)
                                (no ring)

@: very slightly contaminated, not resistant to hostile enchantments, unstealthy
A: change form in water, swift swim
a: no special abilities


You were on level 1 of the Dungeon.
You were not hungry.

You visited 1 branch of the dungeon, and saw 1 of its levels.

You collected 8 gold pieces.

Inventory:

Hand Weapons
 e - a +0 short sword (weapon)
Armour
 a - a +0 robe (worn)
Scrolls
 d - a scroll of remove curse
 g - a scroll of teleportation {unknown}
 h - a scroll of blinking {unknown}
 i - 2 scrolls of identify {unknown}
Potions
 f - a potion of berserk rage {unknown}
 j - a potion of heal wounds {unknown}
Books
 b - a book of Callings

   Spells                             Type                      Level
   a - Summon Small Mammal            Summoning                    1
   b - Call Imp                       Summoning                    2
   c - Call Canine Familiar           Summoning                    3
   d - Summon Guardian Golem          Hexes/Summoning              3
   e - Summon Lightning Spire         Summoning/Air                4
   f - Summon Ice Beast               Ice/Summoning                4
Comestibles
 c - 2 bread rations


   Skills:
 + Level 0.9 Fighting
 - Level 2.6 Dodging
 - Level 2.1 Stealth
 - Level 2.0 Spellcasting
 + Level 4.4 Summonings


You had 4 spell levels left.
You knew the following spells:

 Your Spells              Type           Power        Failure   Level  Hunger
a - Summon Small Mammal   Summ           ##..         4%          1    ##.....


Dungeon Overview and Level Annotations

Branches:
Dungeon (1/15)

Altars:


Message History

Casting: Summon Small Mammal
Confirm with . or Enter, or press ? or * to list all spells.
You miscast Summon Small Mammal.
You are very lightly contaminated with residual magic.
Nothing appears to happen.
Casting: Summon Small Mammal
Confirm with . or Enter, or press ? or * to list all spells.
The gnoll hits you.
You hit the gnoll but do no damage. The gnoll hits you!
You hit the gnoll.
The gnoll is lightly wounded.
The gnoll barely misses you.
You hit the gnoll.
The gnoll is moderately wounded.
Your quokka bites the gnoll but does no damage.
The gnoll closely misses you.
You hit the gnoll but do no damage.
The gnoll is moderately wounded.
Your quokka closely misses the gnoll.
The gnoll hits you!
You die...

#....# #....# ########
#....#### #......####
#.......# #..........
#####....# #...$......
#........# #........$.
#........# #.........[
#........# #..........
####.....@######.)....g...
#........rgg††)...........
#........######...........
#........######...........
#......#.........(........
#.........................
#......#......>...........
#......#........#.#.......
#######........(#.........


You could see a gnoll, a goblin and a friendly quokka.

Vanquished Creatures
  A dart slug (D:1)
  A giant gecko (D:1)
  A goblin (D:1)
  A hobgoblin (D:1)
  A giant newt (D:1)
5 creatures vanquished.

Vanquished Creatures (collateral kills)
  A giant gecko (D:1)
  A ball python (D:1)
  A giant cockroach (D:1)
  2 goblins (D:1)
  2 hobgoblins (D:1)
  A giant newt (D:1)
  2 kobolds (D:1)
10 creatures vanquished.

Grand Total: 15 creatures vanquished

Notes
Turn   | Place    | Note
--------------------------------------------------------------
     0 | D:1      | Mesmaeker13 the Merfolk Summoner began the quest for the Orb.
     0 | D:1      | Reached XP level 1. HP: 13/13 MP: 3/3
   517 | D:1      | Reached XP level 2. HP: 8/20 MP: 3/5
   808 | D:1      | Slain by a gnoll

Action                   || total
-------------------------++-------
Melee: Short sword       ||    28
       Unarmed           ||     2
 Cast: Summon Small Mamm ||    15
  Use: Scroll            ||     1
Armor: Robe              ||     5
Dodge: Dodged            ||    23
